 Dungeon Crawl Stone Soup version 0.30-a0-475-g03497ec522 (webtiles) character file.

Game seed: 5477283369853184242

11 kae the Firebug (level 2, -7/20 HPs)
             Began as a Demigod Fire Elementalist on Dec 20, 2022.
             Mangled by a hobgoblin
             ... wielding a +0 short sword
              (8 damage)
             ... on level 1 of the Dungeon.
             The game lasted 00:00:28 (756 turns).

kae the Firebug (Demigod Fire Elementalist)          Turns: 756, Time: 00:00:28

Health: -7/20      AC:  2    Str:  9    XL:     2   Next: 6%
Magic:  0/7        EV: 12    Int: 17    God:
Gold:   50         SH:  0    Dex: 14    Spells: 3/4 levels left

rFire   + . .      SeeInvis .    h - +2 dagger (speed)
rCold   . . .      Faith    .    (no shield)
rNeg    . . .      Spirit   .    a - +0 robe
rPois   .          Reflect  .    (no helmet)
rElec   .          Harm     .    (no cloak)
rCorr   .          Rampage  .    (no gloves)
Will    .....                    (no boots)
Stlth   ++........               (no amulet)
HPRegen 0.23/turn                F - ring of protection from fire
MPRegen 0.10/turn                (no ring)

@: no status effects
A: high MP 1, forlorn, divine attributes
a: no special abilities


You were on level 1 of the Dungeon.
You visited 1 branch of the dungeon, and saw 2 of its levels.

You collected 50 gold pieces.


Innate Abilities, Weirdness & Mutations

You have an increased reservoir of magic. (+10% MP)
You shall have no god before yourself.
Your divine heritage dramatically boosts your attributes as you level up.


   Skills:
 - Level 1.7 Dodging
 - Level 1.7 Stealth
 + Level 1.9 Spellcasting
 * Level 1.4 Conjurations
 * Level 3.0 Fire Magic


You had 3 spell levels left.
You knew the following spells:

 Your Spells              Type           Power      Damage    Failure   Level
a - Foxfire               Conj/Fire      36%        2x1d5     8%          1

Your spell library contained the following spells:

 Spells                   Type           Power      Damage    Failure   Level
 Scorch                   Fire           22%        2d6       9%          2
 Inner Flame              Hex/Fire       6%         N/A       32%         3
 Kindle Blastsparks       Fire/Tloc/Air  10%        2d10      36%         3
 Flame Wave               Conj/Fire      9%         2d6       61%         4

Inventory:

Hand Weapons
 h - a +2 dagger of speed (weapon)
   (You took it off a kobold on level 1 of the Dungeon)
Missiles
 g - 6 poisoned darts
Armour
 a - a +0 robe (worn)
Jewellery
 F - a ring of protection from fire (left hand)
   (You found it on level 1 of the Dungeon)
 Z - a ring of wizardry
   (You found it on level 1 of the Dungeon)
Scrolls
 c - a scroll of identify {unknown}
 d - a scroll of blinking {unknown}
 f - a scroll of fear {unknown}
 i - a scroll of fog {unknown}
Potions
 b - a potion of magic
 e - a potion of degeneration {unknown}
 j - 2 potions of heal wounds {unknown}

Dungeon Overview and Level Annotations

Branches:
Dungeon (2/15) Zot: 11243

....###..........####....#####
.# # ###.......## #....#
##.....## #.#..# ##...##
#.#..# ##'## #....# #.# #...##
#.# ... ##ยง## #... #..@#
#...g.# ##...## ##... #...#
..#.# #...# #. ##


You could see a hobgoblin.


Message History

You have reached level 2!
You see here a rat corpse. ๐Ÿ˜Ž HP[+6] MP[+1]
You now have 20 max hp (+6).
Your hp is fully restored (20). ๐Ÿ˜Ž MP[+1]
Casting: Foxfire (safe; 8% risk of failure)
Confirm with . or Enter, or press ? or * to list all spells.
You conjure some foxfire!
The foxfire hits the endoplasm. x2
You kill the endoplasm!
Your Fire Magic skill increases to level 3! ๐Ÿ˜Ž MP[-1]
You lost 1 mp, and now have 4/7 mp.
Casting: Foxfire (safe; 8% risk of failure)
Confirm with . or Enter, or press ? or * to list all spells.
You conjure some foxfire! ๐Ÿ˜Ž MP[-1]
You lost 1 mp, and now have 3/7 mp.
You see here a rat corpse.
You now have 37 gold pieces (gained 8).
j - 2 pink potions ๐Ÿ˜Ž MP[+4]
Your mp is fully restored (7).
You now have 50 gold pieces (gained 13).
Things that are here:
a +0 short sword; a kobold corpse
There is an open door here.
A hobgoblin comes into view. It is wielding a +0 short sword.
A hobgoblin is nearby!
A hobgoblin is nearby!
A hobgoblin is nearby!
Casting: Foxfire (safe; 8% risk of failure)
Confirm with . or Enter, or press ? or * to list all spells.
You conjure some foxfire!
The hobgoblin shouts!
The foxfire hits the hobgoblin but does no damage. x2 ๐Ÿ˜Ž MP[-1]
You lost 1 mp, and now have 6/7 mp.
Casting: Foxfire (safe; 8% risk of failure)
Confirm with . or Enter, or press ? or * to list all spells.
You conjure some foxfire!
The foxfire hits the hobgoblin but does no damage. x2
A hobgoblin is nearby! ๐Ÿ˜Ž MP[-1]
You lost 1 mp, and now have 5/7 mp.
Casting: Foxfire (safe; 8% risk of failure)
Confirm with . or Enter, or press ? or * to list all spells.
You conjure some foxfire!
The hobgoblin barely misses you.
The foxfire hits the hobgoblin.
The foxfire hits the hobgoblin but does no damage.
The hobgoblin barely misses you. ๐Ÿ˜Ž MP[-1]
You lost 1 mp, and now have 4/7 mp.
Unknown command.
Casting: Foxfire (safe; 8% risk of failure)
Confirm with . or Enter, or press ? or * to list all spells.
You conjure some foxfire!
The hobgoblin hits you with a +0 short sword.
The foxfire hits the hobgoblin but does no damage. x2
The hobgoblin closely misses you. ๐Ÿ˜ฎ HP[-6] MP[-1]
You take 6 damage, and now have 14/20 hp.
MASSIVE DAMAGE!! (PAUSE)
You lost 1 mp, and now have 3/7 mp.
Casting: Foxfire (safe; 8% risk of failure)
Confirm with . or Enter, or press ? or * to list all spells.
You conjure some foxfire!
The hobgoblin barely misses you.
The foxfire hits the hobgoblin but does no damage.
The foxfire hits the hobgoblin.
The hobgoblin misses you. ๐Ÿ˜ฎ HP[+1] Unknown command.
Casting: Foxfire (safe; 8% risk of failure)
Confirm with . or Enter, or press ? or * to list all spells.
You conjure some foxfire!
The hobgoblin barely misses you.
The foxfire hits the hobgoblin.
The foxfire hits the hobgoblin but does no damage.
The hobgoblin hits you with a +0 short sword!
* * * LOW HITPOINT WARNING * * *
๐Ÿ˜จ HP[-8] MP[-1]
You take 8 damage, and now have 7/20 hp.
MASSIVE DAMAGE!! (PAUSE)
You lost 1 mp, and now have 2/7 mp.
Casting: Foxfire (safe; 8% risk of failure)
Confirm with . or Enter, or press ? or * to list all spells.
You conjure some foxfire!
The hobgoblin hits you with a +0 short sword.
* * * LOW HITPOINT WARNING * * *
The foxfire hits the hobgoblin but does no damage. x2
The hobgoblin barely misses you. ๐Ÿ˜จ MP[-1]
You lost 1 mp, and now have 1/7 mp.
Unknown command.
Casting: Foxfire (safe; 8% risk of failure)
Confirm with . or Enter, or press ? or * to list all spells.
You conjure some foxfire!
The hobgoblin hits you with a +0 short sword.
* * * LOW HITPOINT WARNING * * *
The foxfire hits the hobgoblin but does no damage. x2
The hobgoblin hits you with a +0 short sword!
You die...

Skill      XL: |  1  2 |
---------------+-------+-----
Conjurations   | 1 |  1.4
Fire Magic     | 3 |  3.0
Dodging        | |  1.7
Stealth        | |  1.7
Spellcasting   | |  1.9

Action                   || total
-------------------------++-------
 Cast: Foxfire           ||    27
Dodge: Dodged            ||     7

Levels and vault maps discovered:
D:1:      onia_arrival_mini_spirals, layout_loops_corners,
          chequers_serial_rivers_micro_d, minmay_hexomino_f4
D:2:      layout_basic, serial_shops, shop, serial_forest,
          infiniplex_forest_diagonal, infiniplex_forest_zigzag_1,
          infiniplex_forest_lined_corner, infiniplex_forest_clump_cross,
          infiniplex_forest_lined_room_2, infiniplex_forest_clump_cross,
          infiniplex_forest_straight_4

Notes
Turn   | Place    | Note
-------+----------+-------------------------------------------
     0 | D:1      | kae the Demigod Fire Elementalist began the quest for the
                  | Orb.
     0 | D:1      | Reached XP level 1. HP: 14/14 MP: 5/5
     0 | D:1      | magus.rc [v1.11.3]
   263 | D:1      | Reached skill level 1 in Conjurations
   517 | D:1      | You fall into a shaft and drop 1 floor!
   673 | D:1      | Reached XP level 2. HP: 20/20 MP: 4/7
   680 | D:1      | Reached skill level 3 in Fire Magic
   755 | D:1      | HP: 1/20 [hobgoblin/+0 short sword (6)]
   756 | D:1      | Mangled by a hobgoblin

Vanquished Creatures
  2 endoplasms (D:1)
  A goblin (D:1)
  A hobgoblin (D:1)
  A ball python (D:1)
  A bat (D:1)
  A frilled lizard (D:1)
  2 kobolds (D:1)
  3 rats (D:1)
12 creatures vanquished.

Vanquished Creatures (others)
  44 foxfires (D:1)
44 creatures vanquished.

Grand Total: 56 creatures vanquished

Table legend:
 A = Non-vault XP
 B = Vault XP
 C = Vault XP percentage of total XP
 D = Non-vault monster count
 E = Vault monster count
 F = Vault count percentage of total count
                 A         B        C        D         E       F
            +---------+---------+-------+---------+---------+-------
      Total |      11 |       6 |  35.3 |       8 |       4 |  33.3
            +---------+---------+-------+---------+---------+-------
        D:1 |      11 |       6 |  35.3 |       8 |       4 |  33.3
            +---------+---------+-------+---------+---------+-------

Illustrated notes

Table legend:
 A = Kills in this place as a percentage of kills in entire the game.
 B = Kills by you in this place as a percentage of kills by you in the entire game.
 C = Kills by friends in this place as a percentage of kills by friends in the entire game.
 D = Other kills in this place as a percentage of other kills in the entire game.
 E = Experience gained in this place as a percentage of experience gained in the entire game.
 F = Experience gained in this place divided by the number of levels of this place that you have seen.
                   A       B       C       D       E      F
               +-------+-------+-------+-------+-------+----------------------
         Total | 100.0 | 100.0 |   N/A |   N/A | 100.0 |   8.5
       Dungeon | 100.0 | 100.0 |   N/A |   N/A | 100.0 |   8.5
               +-------+-------+-------+-------+-------+----------------------

Table legend: (Time is in decaauts)
 A = Elapsed time spent in this place.
 B = Non-inter-level travel time spent in this place.
 C = Inter-level travel time spent in this place.
 D = Time resting spent in this place.
 E = Time spent auto-exploring this place.
 F = Levels seen in this place.
 G = Mean time per level.
                   A        B        C        D        E       F      G
               +--------+--------+--------+--------+--------+-----+--------+
         Total |    755 |    746 |      9 |      0 |    646 |   2 |  377.5 |
       Dungeon |    755 |    746 |      9 |      0 |    646 |   2 |  377.5 |
               +--------+--------+--------+--------+--------+-----+--------+

Top non-repeatable levels by time:
     D:1: 743 daAuts
     D:2: 11 daAuts
